 Dungeon Crawl Stone Soup version 0.29.1-13-g9f3cf754e1 (webtiles) character file.

Game seed: 6943429488738268650

17 ChrisAssaf the Firebug (level 2, 0/13 HPs)
             Began as a Vine Stalker Fire Elementalist on Jan 27, 2023.
             Shot with a sling bullet by a goblin (2 damage)
             ... on level 2 of the Dungeon.
             The game lasted 00:03:40 (742 turns).

ChrisAssaf the Firebug (VSFE)                        Turns: 742, Time: 00:03:40

Health: 0/13       AC:  2    Str: 10    XL:     2   Next: 62%
Magic:  0/6        EV: 12    Int: 15    God:
Gold:   55         SH:  0    Dex: 14    Spells: 2/5 levels left

rFire   . . .      SeeInvis .   (no weapon)
rCold   . . .      Faith    .   (no shield)
rNeg    . . .      Spirit   +   a - +0 robe
rPois   .          Reflect  .   (no helmet)
rElec   .          Harm     .   (no cloak)
rCorr   .          Rampage  .   (no gloves)
Will    .....                   (no boots)
Stlth   ++........              (no amulet)
HPRegen 0.04/turn               (no ring)
MPRegen 0.10/turn               (no ring)

@: no status effects
A: fangs 2, magic shield, antimagic bite, no potion heal 2
a: no special abilities


You were on level 2 of the Dungeon.
You visited 1 branch of the dungeon, and saw 2 of its levels.

You collected 55 gold pieces.

Inventory:

Armour
 a - a +0 robe (worn)
Potions
 c - 2 potions of attraction {unknown}
 d - a potion of mutation {unknown}
 e - 3 potions of curing {unknown}


   Skills:
 * Level 0.2 Fighting
 * Level 0.4 Armour
 * Level 1.6 Dodging
 * Level 2.4 Stealth
 * Level 0.3 Unarmed Combat
 * Level 2.3 Spellcasting
 * Level 1.2 Conjurations
 * Level 3.3 Fire Magic


You had 2 spell levels left.
You knew the following spells:

 Your Spells              Type           Power      Damage    Failure   Level
a - Foxfire               Conj/Fire      32%        2x1d5     9%          1
b - Scorch                Fire           22%        2d6       9%          2

Your spell library contained the following spells:

 Spells                   Type           Power      Damage    Failure   Level
 Conjure Flame            Conj/Fire      8%         6-21      26%         3
 Inner Flame              Hex/Fire       6%         N/A       32%         3
 Flame Wave               Conj/Fire      8%         2d5       63%         4


Dungeon Overview and Level Annotations

Branches:
Dungeon (2/15)

Altars:


Innate Abilities, Weirdness & Mutations

You have extremely sharp teeth.
When hurt, damage is shared between your health and your magic reserves.
Your bite disrupts and absorbs the magic of your enemies.
Potions cannot restore your health.


Message History

Flames lash the rat.
You kill the rat!
A bat comes into view.
The bat hits you but does no damage.
Casting: Scorch (safe; 9% risk of failure)
Press: ? - help, Q - select action, (/) - cycle Dir - look around, f - activate Flames lash the bat.
You kill the bat!
A goblin comes into view. It is wielding a +0 club.
The goblin shouts!
The goblin unwields a +0 club.
The goblin wields a +0 sling.
The goblin shoots a sling bullet.
The sling bullet hits you.
A giant cockroach comes into view.
The goblin shoots a sling bullet.
The sling bullet barely misses you. The giant cockroach bites you.
The giant cockroach attacks as you move away!
The giant cockroach bites you.
The goblin shoots a sling bullet.
The sling bullet closely misses you. The giant cockroach barely misses you.
The giant cockroach attacks as you move away!
The giant cockroach bites you but does no damage.
Casting: Scorch (safe; 9% risk of failure)
Press: ? - help, Q - select action, (/) - cycle Dir - look around, f - activate Flames lash the giant cockroach.
You kill the giant cockroach!
The goblin shoots a sling bullet.
The sling bullet hits you.
Unknown command.
The goblin shoots a sling bullet.
The sling bullet barely misses you.
The goblin shoots a sling bullet.
The sling bullet closely misses you.
The goblin shoots a sling bullet.
The sling bullet closely misses you.
Found an escape hatch in the floor.
The goblin shoots a sling bullet.
The sling bullet closely misses you.
There is an escape hatch in the floor here.
You start resting.
A goblin is nearby!
The goblin shoots a sling bullet.
The sling bullet hits you.
* * * LOW HITPOINT WARNING * * *
The goblin shoots a sling bullet.
The sling bullet closely misses you.
The goblin shoots a sling bullet.
The sling bullet hits you.
You die...

#...... #.#~~~♣♣♣PPP~##.#
......###.#PP~~♣♣♣PPP...
#.#.......~.P~♣≈≈~P.P####
#....<.....~PPP~≈≈♣~P~P~.
.....#####...#.PP~~≈♣≈≈~~~~
### #.#.....PP.PP~P♣~~
#.#####...P....~~P
##.###...##........
#.@.........####### ##.
###...###.....# #. #..
#>..### #.....# .
#.#####.#.# #.....# #.
#.##..g.#.#####.....#
##.###.#..####.##........#
##.................#..†...#
#..##.#.....###.###.......#
..# #.g...###.......#.....#


You could see a goblin.

Vanquished Creatures
  An endoplasm (D:1)
  2 giant cockroaches
  2 hobgoblins (D:1)
  A jackal (D:1)
  4 ball pythons
  3 bats
  A rat (D:2)
14 creatures vanquished.

Vanquished Creatures (others)
  8 foxfires (D:1)
  5 plants (D:2)
13 creatures vanquished.

Grand Total: 27 creatures vanquished

Notes
Turn   | Place    | Note
-------+----------+-------------------------------------------
     0 | D:1      | ChrisAssaf the Vine Stalker Fire Elementalist began the
                  | quest for the Orb.
     0 | D:1      | Reached XP level 1. HP: 9/9 MP: 4/4
   284 | D:1      | Reached XP level 2. HP: 9/13 MP: 0/6
   287 | D:1      | Learned a level 2 spell: Scorch
   742 | D:2      | Shot with a sling bullet by a goblin

Illustrated notes

Levels and vault maps discovered:
D:1:      matt_arrival_debris, layout_loops_ring,
          hellmonk_ecumenical_altar_prayer_group, serial_shops,
          nicolae_shop_competitors_out_of_business,
          chequers_serial_rivers_small_3, minmay_misc_feat_secret_circle,
          minmay_misc_feat_enclosed, feat_on_display
D:2:      layout_rooms, serial_shops, shop, serial_bayou_lagoon_a

Action                   || total
-------------------------++-------
Melee: Unarmed           ||    11
       Bite              ||     4
 Cast: Foxfire           ||     5
       Scorch            ||     7
  Use: Scroll            ||     2
       Potion            ||     1
 Stab: Sleeping          ||     1
Armor: Robe              ||     9
Dodge: Dodged            ||    38
